Map: Kairos Junction LE

Players

Bunny

  • Race: Terran Terran
  • Spawn Location: 11:00

uThermal - Winner!

  • Race: Terran Terran
  • Spawn Location: 5:00

Event: IEM Season 13: Katowice (2019)

VOD

Have the link to the VOD?

Description

Time

  • Played on: March 1, 2019, 12:06 p.m.
  • Length: 18:25

All games in this series

Show
View Real Time Build Order
Export as new Build Order

Bunny Terran 

Build Orders: Gas First Reaper Expand 

Get SALT Encoding   

  12  0:00  SCV  
  13  0:12  SCV  
  14  0:17  Supply Depot  
  14  0:24  SCV  
  14  0:28  Refinery  
  15  0:38  SCV  
  16  0:44  Barracks  
  16  0:50  SCV  
  17  1:02  SCV  
  18  1:15  SCV  
  19  1:31  Reaper, Orbital Command  
  20  1:42  Command Center  
  20  1:53  Factory  
  20  1:56  SCV  
  21  2:05  Barracks Reactor  
  21  2:07  Supply Depot  
  21  2:09  SCV  
  22  2:16  Refinery  
  22  2:21  SCV  
  23  2:34  SCV  
  23  2:36  Factory Tech Lab  
  24  2:42  Marine x2  
  26  2:46  SCV  
  26  2:49  Starport  
  27  2:54  Orbital Command  
  27  2:58  SCV  
  28  2:59  Marine x2  
  28  3:04  Cyclone  
  33  3:10  SCV  
  34  3:17  Marine x2  
  36  3:20  SCV  
  36  3:22  SCV  
  36  3:26  Starport Tech Lab  
  38  3:32  SCV, Supply Depot  
  39  3:34  SCV  
  39  3:37  Hellion  
  39  3:38  Refinery  
  42  3:45  SCV  
  42  3:46  Raven, SCV  
  46  3:53  Marine x2  
  46  3:55  Supply Depot  
  48  3:57  Bunker  
  48  4:08  SCV x2  
  48  4:09  Siege Tank  
  51  4:11  Marine x2  
  53  4:18  Supply Depot  
  53  4:20  SCV x2  
  47  4:29  Marine x2  
  44  4:32  Viking, SCV x2  
  41  4:47  Marine x2  
  33  5:05  SCV  
  33  5:06  SCV  
  35  5:14  Raven  
  35  5:18  SCV x2, Marine  
  35  5:19  Marine  
  41  5:30  SCV x2  
  43  5:42  SCV x2  
  45  5:44  Command Center  
  45  5:54  SCV x2  
  45  5:56  Siege Tank  
  50  6:06  SCV x2  
  50  6:10  Viking x2  
  56  6:11  Marine  
  56  6:18  SCV x2  
  58  6:26  Refinery  
  58  6:30  SCV x2  
  60  6:36  Barracks  
  60  6:43  Barracks, SCV x2  
  60  6:46  Starport Reactor  
  62  6:47  Marine  
  62  6:53  Siege Tank  
  66  6:57  Orbital Command  
  66  6:58  SCV  
  66  6:59  SCV  
  68  7:08  Marine  
  69  7:11  SCV x2  
  71  7:22  Engineering Bay  
  71  7:23  Engineering Bay, SCV x2, Supply Depot  
  71  7:24  Barracks Reactor  
  71  7:26  Marine  
  74  7:31  Siege Tank, Orbital Command  
  65  7:37  Medivac  
  79  7:44  SCV x2, Marine  
  78  7:54  Terran Infantry Armor Level 1, Terran Infantry Weapons Level 1  
  78  7:59  Medivac  
  78  8:00  Barracks Reactor  
  77  8:06  Siege Tank  
  77  8:07  Orbital Command  
  77  8:08  Barracks Tech Lab  
  77  8:09  SCV x2  
  82  8:13  Marine x2  
  84  8:22  SCV x2  
  84  8:26  Barracks  
  85  8:28  Barracks, Marine  
  85  8:29  Stimpack  
  85  8:30  Starport Reactor  
  86  8:34  SCV x2  
  86  8:38  Marine x4  
  92  8:46  SCV, Marine  
  87  8:50  Siege Tank  
  87  8:51  SCV x2  
  92  8:58  SCV  
  92  9:00  Marine x2  
  93  9:03  Marine  
  93  9:08  Medivac x2  
  93  9:09  SCV  
  80  9:10  SCV  
  80  9:11  SCV, Marine x2  
  80  9:14  Barracks Reactor  
  74  9:17  Barracks Reactor  
  74  9:21  Marine  
  75  9:24  SCV x3  
  75  9:27  Siege Tank  
  81  9:34  Marine x4  
  81  9:37  SCV x2  
  87  9:38  SCV  
  87  9:47  Marine  
  87  9:51  SCV x3  
  87  9:52  Marine x4  
  82  9:54  Marine  
  82  9:55  Marine  
  82  10:02  Medivac  
  82  10:03  Sensor Tower, SCV x2  
  86  10:12  Medivac, Marine x3  
  86  10:13  Marine x2  
  93  10:19  Supply Depot  
  93  10:21  Supply Depot  
  93  10:23  Refinery  
  93  10:30  Combat Shield, Marine  
  93  10:32  Supply Depot  
  93  10:35  Missile Turret  
  93  10:38  Refinery, Supply Depot  
  93  10:40  SCV x3, Marine x5  
  101  10:43  Siege Tank, Medivac  
  101  10:48  Medivac  
  101  10:49  Marine  
  109  10:53  Marine x3  
  109  10:57  SCV x3  
  114  11:00  Supply Depot  
  114  11:01  Marine x5  
  120  11:06  Supply Depot  
  120  11:07  Marine  
  120  11:08  Armory  
  120  11:11  Marine  
  121  11:13  Medivac, Marine  
  121  11:14  Supply Depot x2  
  125  11:24  Viking  
  126  11:27  Siege Tank  
  126  11:30  Supply Depot x2  
  126  11:31  Marine x6  
  135  11:39  Marine x3  
  133  11:48  Viking  
  133  11:49  Marine x4  
  133  11:52  Marine x2  
  133  11:54  Viking  
  142  11:56  Marine  
  142  11:57  Marine  
  142  11:59  Siege Tank  
  147  12:04  Terran Infantry Weapons Level 2  
  147  12:05  Supply Depot  
  147  12:07  Terran Infantry Armor Level 2  
  147  12:14  Terran Vehicle Weapons Level 1, Marine  
  147  12:15  Marine x3  
  151  12:17  Marine  
  141  12:25  Medivac x2  
  134  12:31  Marine  
  134  12:34  Marine x3  
  128  12:40  Siege Tank  
  131  12:48  Marine x4  
  135  12:55  Marine x5  
  140  13:04  Medivac x2  
  144  13:06  Marine x2  
  144  13:09  Marine x2  
  148  13:17  Siege Tank  
  151  13:31  Marine  
  151  13:32  Marine x7  
  108  13:48  Command Center  
  108  13:51  Siege Tank  
  108  13:52  Marine x7  
  103  13:57  Marine x2  
  102  14:08  Viking  
  102  14:09  Viking  
  104  14:10  Marine x6  
  104  14:12  Terran Vehicle Weapons Level 2  
  104  14:14  Marine x2  
  104  14:15  Marine  
  107  14:26  Siege Tank  
  110  14:33  Marine x5  
  110  14:35  Marine  
  110  14:36  Marine x3  
  114  14:46  Viking x2  
  114  14:51  Marine x4  
  121  14:58  Siege Tank  
  121  14:59  Liberator  
  123  15:11  Marine  
  123  15:12  Marine x7  
  128  15:28  Marine  
  128  15:30  Siege Tank  
  122  15:36  Marine  
  122  15:37  Marine x5  
  122  15:38  Liberator  
  122  15:42  Liberator  
  100  15:57  Marine x5  
  100  16:02  Siege Tank  
  107  16:04  Planetary Fortress  
  107  16:09  SCV x3  
  107  16:10  Marine  
  106  16:23  Marine x6  
  106  16:27  Marine  
  97  16:40  Marine  
  97  16:41  Marine x3  
  97  16:45  Siege Tank  
  103  16:52  SCV x3  
  103  16:54  Marine  
  106  17:07  Marine x4  
  110  17:15  Viking  
  98  17:18  Marine  
  97  17:23  Marine  
  98  17:33  Marine  
  98  17:34  Marine x3  
  102  17:42  Marine x2  
  102  18:00  Marine x2  
Show
View Real Time Build Order
Export as new Build Order

uThermal Terran - Winner!

Build Orders: 1/1/1, Liberator Opening 

Get SALT Encoding   

  12  0:01  SCV  
  13  0:13  SCV  
  14  0:17  Supply Depot  
  14  0:25  SCV  
  14  0:27  Refinery  
  15  0:39  SCV  
  16  0:44  Barracks  
  16  0:51  SCV  
  16  0:54  Refinery  
  17  1:03  SCV  
  18  1:15  SCV  
  19  1:31  Reaper, Orbital Command  
  20  1:36  Factory  
  20  1:44  Supply Depot  
  20  1:56  SCV  
  21  2:03  Reaper  
  22  2:08  SCV  
  23  2:19  Hellion  
  23  2:21  SCV  
  26  2:23  Starport  
  26  2:29  Supply Depot  
  26  2:33  SCV  
  26  2:35  Reaper  
  28  2:41  Hellion  
  28  2:42  Liberator  
  30  3:02  Hellion  
  35  3:08  Command Center  
  35  3:12  Barracks Reactor  
  35  3:14  SCV  
  36  3:24  Factory Tech Lab, Supply Depot  
  36  3:26  SCV  
  37  3:38  SCV  
  38  3:50  SCV  
  38  3:52  Marine x2  
  38  3:53  Factory Tech Lab  
  38  3:54  Raven  
  42  4:03  SCV  
  41  4:10  Marine  
  41  4:15  SCV  
  42  4:18  Siege Tank  
  42  4:21  Marine  
  45  4:27  SCV  
  46  4:35  Marine  
  46  4:36  Supply Depot  
  47  4:42  Refinery  
  47  4:54  Marine  
  47  4:57  Siege Tank, SCV  
  49  5:07  Supply Depot  
  49  5:10  SCV  
  50  5:14  Marine x2  
  50  5:18  Raven  
  54  5:22  SCV  
  55  5:33  Marine x2  
  55  5:34  SCV  
  58  5:37  Orbital Command  
  58  5:38  Siege Tank  
  61  5:46  SCV  
  62  5:51  Marine x2  
  64  5:58  SCV  
  64  6:01  Command Center  
  64  6:03  SCV  
  66  6:10  Supply Depot  
  66  6:12  SCV  
  66  6:15  Viking  
  66  6:17  SCV  
  70  6:20  Viking  
  70  6:25  Refinery, SCV  
  73  6:29  SCV  
  73  6:32  Siege Tank  
  77  6:34  Supply Depot  
  77  6:35  Marine  
  77  6:38  Stimpack  
  77  6:39  SCV  
  79  6:42  SCV  
  80  6:47  Viking  
  80  6:50  Viking  
  80  6:53  SCV  
  83  6:56  SCV  
  83  6:58  Marine  
  85  7:04  Siege Tank  
  85  7:05  SCV  
  85  7:08  SCV  
  90  7:10  Supply Depot  
  90  7:15  Orbital Command  
  88  7:17  SCV  
  88  7:21  Viking  
  91  7:26  SCV  
  91  7:29  SCV  
  93  7:30  Viking  
  95  7:40  Engineering Bay  
  95  7:41  Engineering Bay  
  95  7:42  SCV  
  95  7:43  Marine  
  97  7:45  SCV  
  97  7:49  Siege Tank  
  101  7:53  Orbital Command  
  101  7:54  SCV  
  101  7:57  SCV  
  97  8:06  SCV  
  97  8:08  Viking  
  97  8:09  SCV, Viking  
  97  8:17  Terran Infantry Armor Level 1, Terran Infantry Weapons Level 1  
  97  8:18  SCV  
  98  8:21  SCV  
  98  8:23  Siege Tank  
  98  8:24  SCV  
  101  8:30  SCV  
  101  8:32  Marine  
  101  8:34  SCV  
  104  8:37  SCV  
  103  8:42  SCV  
  103  8:46  SCV  
  100  8:50  SCV  
  100  8:52  Barracks x2  
  100  8:54  Liberator  
  100  8:55  Siege Tank, Viking  
  106  8:56  SCV  
  106  9:00  SCV  
  106  9:02  SCV  
  103  9:08  SCV  
  103  9:09  Marine  
  88  9:12  SCV  
  88  9:14  SCV  
  93  9:18  Barracks  
  93  9:20  Barracks  
  93  9:22  Sensor Tower  
  93  9:25  Armory, SCV  
  93  9:31  SCV  
  93  9:32  Marine  
  93  9:36  Combat Shield, Siege Tank  
  98  9:38  SCV  
  98  9:39  Refinery x2  
  98  9:42  Barracks Reactor x2  
  98  9:44  SCV  
  100  9:48  SCV  
  100  9:50  SCV  
  99  9:55  Marine  
  99  9:57  Medivac x2, SCV  
  98  10:05  Sensor Tower  
  98  10:06  Barracks Reactor  
  98  10:07  Barracks Reactor  
  96  10:08  Missile Turret x2  
  96  10:14  Marine  
  97  10:15  Siege Tank  
  97  10:18  Supply Depot, Marine  
  97  10:20  Marine x3  
  104  10:27  Terran Infantry Weapons Level 2  
  104  10:31  Marine  
  102  10:36  Command Center  
  102  10:39  Terran Infantry Armor Level 2  
  102  10:40  Marine  
  102  10:41  Marine x2  
  105  10:44  Marine  
  105  10:45  Marine  
  105  10:46  Marine  
  105  10:48  Siege Tank  
  111  10:52  Terran Vehicle Weapons Level 1  
  111  10:53  Marine, Supply Depot  
  111  10:54  Marine  
  111  10:55  Marine  
  114  10:58  Marine  
  114  10:59  Marine  
  114  11:01  Medivac  
  114  11:02  Marine  
  119  11:04  Marine x2  
  119  11:05  Marine  
  119  11:08  Supply Depot x2  
  119  11:09  Medivac  
  119  11:11  Marine  
  124  11:14  Marine  
  124  11:18  Factory  
  126  11:19  Supply Depot, Marine  
  126  11:20  Siege Tank, Marine x2  
  126  11:22  Marine  
  126  11:25  Marine  
  133  11:29  Marine x3  
  133  11:31  Medivac  
  133  11:32  Supply Depot, Marine  
  139  11:33  Supply Depot  
  139  11:37  Marine  
  139  11:38  Marine  
  138  11:44  Medivac, Marine x2  
  138  11:45  Marine  
  138  11:46  Supply Depot  
  142  11:47  Marine x2, Supply Depot  
  142  11:48  Marine  
  142  11:50  Marine  
  142  11:51  SCV x3  
  149  11:59  Marine  
  150  12:01  Marine  
  150  12:02  Factory Tech Lab, Marine x2  
  150  12:03  SCV  
  150  12:05  Marine x2  
  150  12:06  SCV  
  157  12:09  SCV  
  157  12:11  Marine  
  157  12:13  Planetary Fortress  
  157  12:15  Marine x2  
  161  12:18  Missile Turret, SCV, Marine  
  161  12:19  Siege Tank, Marine x2  
  161  12:20  Sensor Tower  
  162  12:23  Siege Tank, Marine  
  162  12:26  Marine x2  
  162  12:29  Marine  
  165  12:32  Medivac  
  165  12:33  Marine x2  
  165  12:36  Marine  
  154  12:37  Marine x2  
  156  12:45  Marine x2  
  156  12:46  Marine  
  156  12:47  Missile Turret  
  156  12:48  Missile Turret  
  159  12:51  Siege Tank  
  159  12:54  Terran Infantry Weapons Level 3  
  159  12:55  Marine x2  
  164  12:59  Marine x2  
  164  13:01  Siege Tank  
  169  13:08  Terran Infantry Armor Level 3  
  169  13:09  Marine x2  
  171  13:14  Marine x2  
  171  13:15  Marine  
  171  13:16  Marine  
  175  13:20  Marine  
  175  13:23  Siege Tank  
  173  13:29  Marine  
  173  13:30  Marine  
  173  13:32  Marine x2  
  173  13:33  Siege Tank, Medivac, Marine x2  
  133  13:37  Marine  
  133  13:38  Marine  
  131  13:42  Marine  
  131  13:47  Marine  
  131  13:48  Marine  
  125  13:50  Marine x2  
  125  13:51  Marine x2  
  125  13:53  Command Center  
  125  13:55  Marine x2  
  116  13:56  Siege Tank, Medivac  
  116  14:00  Marine  
  115  14:03  Medivac  
  115  14:05  Marine  
  115  14:06  Marine  
  115  14:07  Marine  
  115  14:08  Marine  
  115  14:09  Marine x2  
  123  14:13  Marine x2  
  125  14:17  Marine  
  125  14:20  Siege Tank  
  125  14:23  Marine x2  
  131  14:25  Marine  
  131  14:26  Medivac, Marine  
  131  14:27  Marine x2  
  131  14:31  Siege Tank, Marine x2  
  140  14:33  Medivac  
  140  14:35  Marine  
  145  14:41  Marine x2  
  145  14:43  Marine  
  145  14:44  Marine x2  
  145  14:45  Marine  
  144  14:49  Marine  
  144  14:51  Marine  
  144  14:52  Siege Tank  
  149  14:53  Marine  
  149  14:56  Medivac  
  149  14:58  Marine  
  149  14:59  Marine  
  154  15:01  Marine  
  154  15:02  Marine  
  154  15:03  Siege Tank  
  154  15:04  Planetary Fortress  
  154  15:06  Marine  
  160  15:10  Medivac, Marine x3  
  165  15:18  Marine x2  
  165  15:21  Missile Turret  
  167  15:24  Siege Tank, Marine x2  
  167  15:26  Medivac  
  170  15:32  Marine  
  170  15:34  Marine  
  170  15:35  Marine x2  
  170  15:36  Marine  
  170  15:37  Marine x2  
  170  15:42  Marine x2  
  173  15:49  Command Center, Marine  
  159  15:52  Marine  
  159  15:53  Marine  
  159  15:54  Siege Tank, Marine x3  
  159  15:55  Marine  
  159  15:56  Siege Tank, Medivac  
  140  16:00  Marine x2  
  142  16:04  Medivac  
  142  16:07  Marine  
  142  16:10  Marine  
  142  16:11  Marine  
  142  16:12  Marine x3  
  142  16:13  Marine  
  142  16:15  Barracks  
  142  16:17  Barracks  
  145  16:21  Marine x2  
  145  16:25  Marine  
  139  16:26  Siege Tank, Medivac  
  139  16:28  Marine  
  139  16:29  Siege Tank, Marine  
  139  16:30  Marine x2  
  139  16:31  Marine x2  
  153  16:34  Medivac  
  153  16:38  Marine  
  153  16:39  Marine  
  155  16:43  Marine  
  155  16:46  Marine  
  149  16:47  Marine x2  
  149  16:48  Marine x2  
  149  16:49  Marine  
  154  16:56  Medivac, Marine x2  
  154  16:58  Siege Tank  
  154  17:01  Refinery, Marine x2  
  162  17:03  Marine  
  162  17:04  Marine  
  162  17:05  Marine x2  
  162  17:06  Marine  
  162  17:07  Medivac, Marine  
  168  17:12  Marine  
  164  17:15  Marine  
  164  17:22  Marine x4  
  165  17:26  Medivac  
  165  17:27  Marine x3  
  165  17:28  Marine x2  
  164  17:30  Marine  
  164  17:32  Planetary Fortress  
  164  17:33  Marine  
  166  17:37  Medivac  
  166  17:39  Refinery, Marine  
  166  17:40  Marine x3  
  166  17:41  Refinery  
  166  17:43  Command Center  
  172  17:45  Marine x3  
  172  17:46  Marine x2  
  172  17:48  Marine  
  178  17:51  Marine  
  178  17:57  Marine x3  
  185  17:59  Marine  
  185  18:03  Marine x5  
  181  18:05  Marine  

Tags
 
Add a new tag
Caveats
  • Supply blocks, unpowered buildings, or Contaminate may cause inaccurate times.
  • Supply counts are checked every 10 seconds.